 Dungeon Crawl Stone Soup version 0.31-a0-1074-g0b22e4e0f1 (webtiles) character file.

Game seed: 10386337231123407418

614 BigPumpCobain the Ruffian (level 7, -6/71 HPs)
             Began as a Troll Shapeshifter on Dec 5, 2023.
             Killed by nerve-wracking pain
             ... invoked by Grinder
              (14 damage)
             ... on level 5 of the Dungeon.
             The game lasted 00:04:21 (3325 turns).

BigPumpCobain the Ruffian (Troll Shapeshifter)      Turns: 3325, Time: 00:04:22

Health: -6/71      AC:  4    Str: 31    XL:     7   Next: 20%
Magic:  6/6        EV:  9    Int:  6    God:
Gold:   158        SH:  0    Dex:  9    Spells: 6/6 levels left

rFire   . .          .
                       - Unarmed
rCold   . . .        (no shield)
rNeg    . . .        a - +0 animal skin
rPois   .            (helmet currently unavailable)
rElec   .            (cloak currently unavailable)
rCorr   .            (gloves unavailable)
SInv    .            (boots unavailable)
Will    .....        (no amulet)
Stlth   +            i - +6 ring of strength
HPRegen 1.11/turn    (no ring)
MPRegen 0.10/turn

%: no passive effects
@: beast-form
A: beast (slay +1), large, unfitting armour, claws 3, regeneration 1, shaggy fur
1, tough skin 1
a: Begin Untransformation


You were on level 5 of the Dungeon.
You were a hulking beast.
You visited 1 branch of the dungeon, and saw 5 of its levels.

You collected 158 gold pieces.

Inventory:

Hand Weapons
 q - a +2 short sword of electrocution
 s - a +2 quarterstaff of chaos
 t - the +10 sling of Gupheit {heavy, rPois rCorr MP+9 Int-4}
   (You found it on level 4 of the Dungeon)

   Int-4:     It affects your intelligence (-4).
   rPois:     It protects you from poison MP+9: It affects your magic capacity
   (+9).
   rCorr:     It protects you from acid and corrosion.
Armour
 a - a +0 animal skin (worn)
Jewellery
 i - a +6 ring of strength (left claw)
Talismans
 c - a beast talisman
 d - a flux talisman
 o - a blade talisman
Wands
 n - a wand of polymorph (3)
 p - a wand of flame (14)
Scrolls
 f - a scroll of enchant weapon {unknown}
 h - 2 scrolls of torment {unknown}
 j - a scroll of teleportation {unknown}
 k - 2 scrolls of identify {unknown}
 l - a scroll of blinking {unknown}
 m - a scroll of immolation {unknown}
Potions
 b - a potion of lignification
 e - a potion of brilliance {unknown}
 g - 3 potions of curing {unknown}
 r - a potion of heal wounds {unknown}


   Skills:
 + Level 4.5 Fighting
 - Level 1.5 Dodging
 + Level 6.2 Unarmed Combat
 - Level 3.0 Shapeshifting


You had 6 spell levels left.
You didn't know any spells.
Your spell library contained the following spells:

 Spells                   Type           Power      Damage    Failure   Level
 Sublimation of Blood     Necr           0%         N/A       58%         2
 Wereblood                Tmut           0%         N/A       58%         2
 Tukima's Dance           Hex            0%         N/A       83%         3
 Dimensional Bullseye     Hex/Tloc       0%         N/A       99%         4
 Iskenderun's Mystic Bla  Conj/Tloc      0%         2d3       99%         4
 Summon Hydra             Summ           0%         N/A       100%        7


Dungeon Overview and Level Annotations

Branches:
Dungeon (5/15)
 Temple: D:4-7

Altars:

Annotations:
D:5 Grinder


Innate Abilities, Weirdness & Mutations

You are a hulking beast.
Your limbs bulge with bestial killing power. (Slay +1)
You are too large for most types of armour.
You have claws for hands.
Your natural rate of healing is unusually fast.
You are covered in fur. (AC +1)
You have tough skin. (AC +1)


Message History

You resist with significant effort.
You can move again.
Grinder barely misses you.
You claw Grinder!
Grinder is lightly wounded.
Grinder hits you.
You writhe in agony.
You claw Grinder!
Grinder is heavily wounded.
Grinder hits you but does no damage.
You closely miss Grinder.
Grinder is heavily wounded.
Grinder hits you!
You writhe in agony.
You barely miss Grinder.
Grinder is heavily wounded.
Grinder gestures at you.
You suddenly lose the ability to move!
Grinder hits you! Grinder hits you.
You writhe in agony.
Grinder hits you. Grinder hits you!
You writhe in agony.
Grinder says, "There's only one good use for a tongue: cutting it out."
Grinder gestures at you. Pain shoots through your body!
* * * LOW HITPOINT WARNING * * *
You can move again.
You barely miss Grinder.
Grinder is heavily wounded.
Grinder hits you but does no damage.
You barely miss Grinder.
Grinder is heavily wounded.
Grinder hits you!
* * * LOW HITPOINT WARNING * * *
You writhe in agony.
* * * LOW HITPOINT WARNING * * *
You barely miss Grinder.
Grinder is heavily wounded.
Grinder gestures at you. Pain shoots through your body!
You die...
Grinder says, "Now the real fun starts!"

...... #.....)........
.##...##....##.##.####
#..#....###.#..#
#............##
##.....#...####
###........###
#.....[..#...#
.###...#.$>...#.....
......5h.....#######
......#..#..## ###.#
#.##.## # #....#
######


You could see Grinder.

Vanquished Creatures
  2 ogres (D:4)
  A centaur (D:4)
  2 hounds
  Crazy Yiuf (D:4)
  Natasha (thrice) (D:3)
  7 gnolls
  5 adders
  A dart slug (D:2)
  2 worms
  6 orcs (D:4)
  8 ball pythons
  8 bats
  4 endoplasms
  4 giant cockroaches
  7 goblins
  5 hobgoblins
  6 jackals
  3 kobolds
  3 quokkas
  5 frilled lizards
  A rat (D:2)
84 creatures vanquished.

Notes
Turn   | Place    | Note
-------+----------+-------------------------------------------
     0 | D:1      | BigPumpCobain the Troll Shapeshifter began the quest for
                  | the Orb.
     0 | D:1      | Reached XP level 1. HP: 18/18 MP: 0/0
    47 | D:1      | Reached skill level 1 in Fighting
    75 | D:1      | Reached XP level 2. HP: 27/27 MP: 1/1
    76 | D:1      | Found a faded altar of an unknown god.
   682 | D:1      | Reached XP level 3. HP: 35/35 MP: 2/2
   973 | D:2      | Reached skill level 4 in Unarmed Combat
  1552 | D:3      | Reached XP level 4. HP: 38/42 MP: 3/3
  1731 | D:3      | Noticed Natasha
  1741 | D:3      | Killed Natasha
  1742 | D:3      | Reached XP level 5. HP: 14/53 MP: 4/4
  1750 | D:3      | Noticed Natasha
  1805 | D:3      | Killed Natasha
  1925 | D:3      | Noticed Natasha
  1929 | D:3      | Killed Natasha
  2045 | D:3      | Reached skill level 5 in Unarmed Combat
  2116 | D:4      | Noticed a centaur
  2123 | D:4      | Killed a centaur
  2124 | D:4      | Reached XP level 6. HP: 55/62 MP: 5/5
  2300 | D:4      | Found a runed translucent door.
  2301 | D:4      | Noticed Crazy Yiuf
  2366 | D:4      | Reached skill level 6 in Unarmed Combat
  2366 | D:4      | Reached XP level 7. HP: 22/70 MP: 6/6
  2713 | D:4      | Identified the +10 sling of Gupheit {heavy, rPois rCorr
                  | MP+9 Int-4}
  3121 | D:4      | Killed Crazy Yiuf
  3166 | D:5      | Entered Level 5 of the Dungeon
  3306 | D:5      | Noticed Grinder
  3308 | D:5      | Paralysed by Grinder for 5 turns
  3317 | D:5      | Paralysed by Grinder for 5 turns
  3325 | D:5      | Killed from afar by Grinder

Illustrated notes

Levels and vault maps discovered:
D:1:      elethiomel_arrival_infinity_welcomes_careful_drivers, layout_basic,
          shapermc_ecumenical_altar_notcrosses
D:2:      layout_loops_ring
D:3:      layout_rooms, amcnicky_mini_rare_corridor_liquid,
          nicolae_twisty_statue_hallways, uniq_natasha
D:4:      layout_loops_corners, minmay_door_square, st_stairs_8,
          nicolae_half_adder, uniq_crazy_yiuf_cottage
D:5:      layout_rooms, uniq_grinder, uniq_menkaure

Skill      XL: |  1  2  3  4  5  6 |
---------------+-------------------+-----
Fighting       | 1 2 3 4 |  4.5
Unarmed Combat | 4 5 6 |  6.2
Dodging        | |  1.5
Shapeshifting  | |  3.0

Action                     |  1- 3 |  4- 6 |  7- 9 || total
---------------------------+-------+-------+-------++-------
  Melee: Unarmed           |   105 |    69 |    41 ||   215
         Punch             |       |     4 |       ||     4
   Stab: Sleeping          |     1 |       |       ||     1
 Armour: Animal skin       |    67 |    56 |    31 ||   154
  Dodge: Dodged            |    55 |    43 |     9 ||   107

Table legend: (Time is in decaauts)
 A = Elapsed time spent in this place.
 B = Non-inter-level travel time spent in this place.
 C = Inter-level travel time spent in this place.
 D = Time resting spent in this place.
 E = Time spent auto-exploring this place.
 F = Levels seen in this place.
 G = Mean time per level.
                   A        B        C        D        E       F      G
               +--------+--------+--------+--------+--------+-----+--------+
         Total |   3308 |   3099 |    209 |     34 |   2593 |   5 |  661.6 |
       Dungeon |   3308 |   3099 |    209 |     34 |   2593 |   5 |  661.6 |
               +--------+--------+--------+--------+--------+-----+--------+

Top non-repeatable levels by time:
     D:4: 1204 daAuts
     D:1: 786 daAuts
     D:2: 695 daAuts
     D:3: 562 daAuts
     D:5: 59 daAuts
